 Dungeon Crawl Stone Soup version bcrawl-1.12.1 (webtiles) character file.

Game seed: 2546228345241757756

21 Chiseanne the Ducker (level 2, -1/20 HPs)
             Began as a Fairy Archaeologist on July 12, 2019.
             Slain by a sky beast (6 damage)
             ... on level 1 of the Dungeon.
             The game lasted 00:02:59 (712 turns).

Chiseanne the Ducker (Fairy Archaeologist)           Turns: 712, Time: 00:03:00

Health: -1/20      AC:  6    Str:  9      XL:     2   Next: 83%
Magic:  4/4        EV: 17    Int: 17      God:
Gold:   86         SH:  3    Dex:  9 (10) Spells: 1/1 levels left

rFire    . . .     SeeInvis .   a - +0 whip
rCold    . . .     Gourm    .   (shield restricted)
rNeg     . . .     Faith    .   (armour unavailable)
rPois    .         Spirit   .   b - +1 hat
rElec    .         Reflect  .   (no cloak)
rCorr    .         Harm     .   (no gloves)
MR       .....     Rnd*Rage +   c - +1 pair of boots
Stlth    +.........             (no amulet)
HPRegen  0.06/turn              (no ring)
MPRegen  0.09/turn              (no ring)

@: berserk cooldown, flying evasively, slowed, very slow
A: small, magic attunement, unstealthy, unfitting armour, horns 1, berserk 1,
deterioration 1, able to fly, AC/SH +3
a: Stop Flying


You were on level 1 of the Dungeon.
You were not hungry.

You visited 1 branch of the dungeon, and saw 2 of its levels.

You collected 86 gold pieces.

Inventory:

Hand Weapons
 a - a +0 whip (weapon)
Missiles
 k - 522 stones (quivered)
 m - 105 sling bullets
 p - 180 poisoned needles
Armour
 b - a +1 hat (worn)
 c - a +1 pair of boots (worn)
Scrolls
 j - a scroll of immolation {unknown}
 o - a scroll of fear {unknown}
 q - a scroll of identify {unknown}
 t - a scroll of amnesia {unknown}
Miscellaneous
 d - a dusty tome
 e - an ancient crate
Comestibles
 f - a ration {!d}


   Skills:
 + Level 2.4 Fighting
 - Level 0.8 Maces & Flails
 - Level 4.0 Dodging
 - Level 2.4 Stealth


You had one spell level left.
You didn't know any spells.
Your spell library was empty.

Dungeon Overview and Level Annotations

Branches:
Dungeon (2/12)

Altars:
Uskayaw


Innate Abilities, Weirdness & Mutations

Your spells do not cause hunger and MP costs are reduced by 1.
Your bright wings attract enemies. (Stealth-)
You cannot fit into any form of body armour.
Your shimmering scales are hard and can block incoming attacks. (AC +3, SH +3)
You are small and have problems with some larger weapons.
You can fly continuously.
You have a pair of small horns on your head.
You tend to lose your temper in combat.
Your body sometimes deteriorates upon taking damage.


Message History

You closely miss something. Something hits you. Something shocks you.
Your body deteriorates!
You feel clumsy.
You feel a strong urge to attack something.
You feel your anger nearly subside.
You are no longer berserk.
You are exhausted.
You feel yourself slow down.
You barely miss something. Something hits you but does no damage.
A sky beast appears from thin air!
Reactivating autopickup.
The sky beast misses you.
You hit the sky beast.
The sky beast is severely wounded.
The sky beast hits you but does no damage.
The sky beast flickers out of sight!
Deactivating autopickup; reactivate with Ctrl-A.
Something hits you.
* * * LOW HITPOINT WARNING * * *
Something shocks you.
You die...

.##.......##.#.#......#
#.#
..........+..#.#..#####
#.#
..........##.#...#...#
#[#
.............###.#.#.#
#.#
..........##..##.#.###
#..
..........##..##.....#
###
###.......##.......#.#
#.......###..#####.#
######## #.......#
#...@....# #......#
#.......#
##.{#########.####.#
######.## #..# #....#.#
#.# #.# ##.## #.##.#.#
#.# #.# #..#
#.##.#.####.## #.# ##.#
#.##.#.#....#. #.#
##..# #.##.#.#.#####
#.# ##...#
#.##.#.#.#.... #.#
##....###.##.#.#.#.###


There were no monsters in sight!

Vanquished Creatures
  A dart slug (D:1)
  A leopard gecko (D:2)
  3 bats
  2 goblins (D:2)
  A jackal (D:1)
  2 kobolds (D:1)
  A quokka (D:2)
  4 frilled lizards
  2 rats (D:1)
17 creatures vanquished.

Notes
Turn   | Place    | Note
-------+----------+-------------------------------------------
     0 | D:1      | Chiseanne the Fairy Archaeologist began the quest for the
                  | Orb.
     0 | D:1      | Reached XP level 1. HP: 12/12 MP: 3/3
    24 | D:1      | Reached skill level 1 in Fighting
   231 | D:1      | Reached XP level 2. HP: 14/19 MP: 4/4
   570 | D:2      | Noticed a sky beast
   583 | D:2      | Found a hide-covered altar of Uskayaw.
   643 | D:2      | HP: 1/20 [something (5)]
   695 | D:1      | Gained mutation: Scrolls take you a little longer to read.
                  | [potion of mutation]
   695 | D:1      | Gained mutation: Your spells are a little harder to cast,
                  | but a little more powerful. [potion of mutation]
   697 | D:1      | Lost mutation: Scrolls take you a little longer to read.
                  | [potion of mutation]
   697 | D:1      | Lost mutation: Your spells are a little harder to cast, but
                  | a little more powerful. [potion of mutation]
   697 | D:1      | Gained mutation: You tend to lose your temper in combat.
                  | [potion of mutation]
   697 | D:1      | Gained mutation: Your body sometimes deteriorates upon
                  | taking damage. [potion of mutation]
   697 | D:1      | Gained mutation: You have a pair of small horns on your
                  | head. [potion of mutation]
   712 | D:1      | Slain by a sky beast

Skill      XL: |  1  2 |
---------------+-------+-----
Fighting       | 1 2 |  2.4
Maces & Flails | |  0.8
Dodging        | |  4.0
Stealth        | |  2.4

Action                   || total
-------------------------++-------
Melee: Whip              ||    91
  Use: Potion            ||     7
       Scroll            ||     2
Armor: Skin              ||    24
Dodge: Dodged            ||    93
Block: Other             ||    12
